 Dungeon Crawl Stone Soup version 0.27.1 (webtiles) character file.

Game seed: 1496349469897837630

4306 Malachi the Martial Artist (level 10, -4/80 HPs)
             Began as a Djinni Transmuter on Aug 31, 2021.
             Was a Follower of Makhleb.
             Slain by a boulder beetle (27 damage)
             ... on level 8 of the Dungeon.
             The game lasted 00:25:56 (11770 turns).

Malachi the Martial Artist (Djinni Transmuter)     Turns: 11770, Time: 00:25:56

Health: -4/80      AC: 10    Str:  9    XL:     10   Next: 58%
Gold:   499        EV: 14    Int: 18    God:    Makhleb [*.....] SH:  0 Dex: 20

rFire    x x .     SeeInvis .     - Unarmed
rCold    + + +     Faith    .   (shield currently unavailable)
rNeg     . . .     Spirit   .   (armour currently unavailable)
rPois    ∞         Reflect  .   (helmet currently unavailable)
rElec    .         Harm     .   (cloak currently unavailable)
rCorr    .         Rampage  .   (gloves currently unavailable)
Will     +....                  (boots unavailable)
Stlth    +++.......             (no amulet)
HPRegen  0.23/turn              E - ring of ice
MPRegen  0.00/turn              G - +6 ring of dexterity

@: ice-form, flying
A: freezing attack, flying, boosted hp, sickness immunity, large, (fire
resistance 2), (cold vulnerability 1), float, innate caster, hp casting, extra
vitality 1
a: End Transformation, Renounce Religion


You were on level 8 of the Dungeon.
You worshipped Makhleb.
Makhleb was aware of your devotion.
You were a creature of crystalline ice.
You visited 2 branches of the dungeon, and saw 9 of its levels.

You collected 499 gold pieces.

Inventory:

Hand Weapons
 g - a +1 dagger of electrocution (melded)
 k - a +0 flail of protection
 m - a +2 dagger of venom
 v - a +1 war axe of freezing
Missiles
 D - 21 boomerangs of dispersal
Armour
 e - a +0 helmet (melded)
 u - a +0 cloak (melded)
 z - a +0 troll leather armour (melded)
Magical Staves
 q - a staff of fire
Jewellery
 n - a ring of fire
 E - a ring of ice (left front paw)
 G - a +6 ring of dexterity (right front paw)
 H - the ring "Visae" {rF+ MP+9}
   (You found it on level 8 of the Dungeon)

   [ring of protection from fire]

   rF:        It protects you from fire.
   MP:        It affects your magic capacity (+9).
Wands
 y - a wand of iceblast (13)
 F - a wand of digging (4)
Scrolls
 b - 3 scrolls of enchant weapon
 f - a scroll of teleportation
 i - a scroll of immolation
 l - a scroll of identify
 p - 2 scrolls of summoning
 s - 2 scrolls of magic mapping
 t - 2 scrolls of fog
 C - a scroll of brand weapon {unknown}
Potions
 c - 3 potions of haste
 d - a potion of flight {unknown}
 h - a potion of degeneration {unknown}
 j - 3 potions of curing {unknown}
 o - 3 potions of attraction {unknown}
 r - a potion of magic {unknown}
 w - 3 potions of brilliance {unknown}
 x - a potion of might {unknown}
 B - a potion of mutation {unknown}
Miscellaneous
 A - a piece from Xom's chessboard (15/15)


   Skills:
 + Level 3.8 Fighting
 + Level 2.4 Short Blades
 + Level 7.0 Dodging
 + Level 3.9 Stealth
 + Level 8.8 Unarmed Combat
 + Level 6.4 Spellcasting
 + Level 0.9 Evocations


You had 2 spell levels left.
You knew the following spells:

 Your Spells              Type           Power      Damage    Failure   Level
a - Beastly Appendage     Tmut           56%        N/A       1%          1
b - Wereblood             Tmut           28%        N/A       1%          2
c - Spider Form           Tmut/Pois      14%        N/A       2%          3
d - Ice Form              Ice/Tmut       43%        N/A       9%          4
e - Sting                 Tmut/Pois      100%       1d8       1%          1
f - Passwall              Tmut/Erth      23%        N/A       1%          2
g - Vampiric Draining     Necr           14%        2d8       2%          3
h - Lesser Beckoning      Tloc           14%        N/A       2%          3
Your spell library was empty.

Dungeon Overview and Level Annotations

Branches:
Dungeon (8/15)             Temple (1/1) D:6
   Lair: D:8-11

Altars:
Ashenzari
Cheibriados
Dithmenos
Elyvilon
Fedhas
Gozag
Hepliaklqana
Kikubaaqudgha
Makhleb
Okawaru
Qazlal
Ru
Sif Muna
Trog
Uskayaw
Wu Jian
Xom
Yredelemnul
Zin
The Shining One

Annotations:
D:8 exclusion: 3 doors


Innate Abilities, Weirdness & Mutations

You are a creature of crystalline ice.
You have a powerful freezing melee attack.
You are flying.
Your maximum health is increased.
Your armour is entirely melded.
You are incapable of wielding weapons or throwing items.
You are immune to sickness and miasma.
You are immune to poison.
((Your flesh is very heat resistant. (rF++)))
((You are vulnerable to cold. (rC-)))
You float through the air rather than walking.
You learn spells naturally, not from books.
Your magical power is your life essence.
You have superior vitality. (+4 HP)


Message History

You hit the boulder beetle but do no damage.
The boulder beetle is heavily wounded.
The boulder beetle bites you but does no damage.
You hit the boulder beetle but do no damage.
The boulder beetle is heavily wounded.
The boulder beetle bites you!!
You hit the boulder beetle but do no damage.
The boulder beetle is heavily wounded.
The boulder beetle leaps!
No target in view!
The boulder beetle closely misses you.
You hit the boulder beetle but do no damage.
The boulder beetle is moderately wounded.
The boulder beetle bites you!
You hit the boulder beetle. You freeze the boulder beetle.
The boulder beetle is heavily wounded.
You hit the boulder beetle but do no damage.
The boulder beetle is heavily wounded.
The boulder beetle closely misses you.
You hit the boulder beetle but do no damage.
The boulder beetle is heavily wounded.
The boulder beetle closely misses you.
You punch the boulder beetle! You freeze the boulder beetle.
The boulder beetle is heavily wounded.
The boulder beetle misses you.
You hit the boulder beetle but do no damage.
The boulder beetle is heavily wounded.
The boulder beetle bites you!!
* * * LOW HITPOINT WARNING * * *
You hit the boulder beetle but do no damage.
The boulder beetle is heavily wounded.
The boulder beetle leaps!
You reach down and close the door.
The boulder beetle curls into a ball and begins rolling!
The boulder beetle closely misses you.
The boulder beetle stops rolling and uncurls.
You hit the boulder beetle but do no damage.
The boulder beetle is moderately wounded.
The boulder beetle bites you!!
You die...

####>...................
##.#.#.#.#..###.#.#.#
#.....#......#.#.#.#
#.#.#.###..#.#.#.#.#
#.#.#............#.#
#.#.#.####.#.#.#....
#..........#.#.#.#.#
#####.#...#..#.....#.#
##...BY.........(......
#..#####'#########'####
#.○# ##.....##.........
###.°###....#..#.#.#.#.#.
#...°##....##..#.........
#.##.#...))#...#.#.#.#.#.
#.##.+...##)..))........)
#.##.#.###.#...#.#.#.#.#.
#.#..#.....###.#.........


You could see a boulder beetle.

Vanquished Creatures
  A kobold demonologist (D:8)
  A troll (D:8)
  4 yaks (D:8)
  A wyvern (D:8)
  Edmund (D:5)
  2 orc warriors
  2 black bears
  An ice beast (D:6)
  2 ogres
  2 centaurs
  Blork the orc (D:6)
  3 kobold brigands (D:7)
  2 scorpions
  A wyvern skeleton (D:6)
  4 wights (D:6)
  A bullfrog zombie (D:7)
  2 centaur zombies (D:5)
  3 centaur skeletons
  6 hounds
  3 gnoll shamans
  An orc priest (D:8)
  Crazy Yiuf (D:4)
  4 iguanas
  2 orc wizards
  A scorpion zombie (D:5)
  2 killer bee zombies
  8 gnolls
  9 adders
  A shadow imp (D:7)
  2 white imps
  An ufetubus (D:5)
  An adder zombie (D:5)
  3 dart slugs
  21 orcs
  4 ball pythons
  6 bats
  11 endoplasms
  3 giant cockroaches
  7 goblins
  6 hobgoblins
  2 jackals (D:3)
  4 quokkas
  7 frilled lizards
  11 kobolds
  5 rats
166 creatures vanquished.

Vanquished Creatures (collateral kills)
  A deep elf pyromancer (D:8)
  A kobold demonologist (D:8)
2 creatures vanquished.

Grand Total: 168 creatures vanquished

Notes
Turn   | Place    | Note
-------+----------+-------------------------------------------
     0 | D:1      | Malachi the Djinni Transmuter began the quest for the Orb.
     0 | D:1      | Reached XP level 1. HP: 17/17 MP: 0/0
     2 | D:1      | Noticed an octopode
     2 | D:1      | Noticed a felid
     4 | D:1      | Noticed a tengu
     4 | D:1      | Noticed a naga
     6 | D:1      | Noticed a draconian
     8 | D:1      | Noticed a gargoyle
     8 | D:1      | Noticed a barachi
    10 | D:1      | Noticed a ghoul
    10 | D:1      | Noticed a demonspawn
    12 | D:1      | Noticed a merfolk
    12 | D:1      | Noticed an ogre
    14 | D:1      | Noticed a djinni
    14 | D:1      | Noticed a vampire
    16 | D:1      | Noticed a human
    16 | D:1      | Noticed a vine stalker
    18 | D:1      | Noticed a troll
    18 | D:1      | Noticed a minotaur
    20 | D:1      | Noticed a formicid
    22 | D:1      | Noticed a dwarf
    24 | D:1      | Noticed a demigod
    24 | D:1      | Noticed a spriggan
    26 | D:1      | Noticed an elf
    26 | D:1      | Noticed a palentonga
   196 | D:1      | Reached XP level 2. HP: 19/22 MP: 0/0
   387 | D:1      | Reached XP level 3. HP: 7/27 MP: 0/0
   387 | D:1      | Learned a level 1 spell: Sting
  1336 | D:2      | Reached XP level 4. HP: 29/32 MP: 0/0
  1614 | D:2      | Reached skill level 1 in Stealth
  2342 | D:2      | Reached XP level 5. HP: 31/37 MP: 0/0
  2342 | D:2      | Learned a level 2 spell: Passwall
  2620 | D:3      | Noticed a black bear
  2635 | D:3      | Killed a black bear
  2636 | D:3      | Reached skill level 4 in Unarmed Combat
  2636 | D:3      | Reached XP level 6. HP: 24/42 MP: 0/0
  2918 | D:3      | Found a hide-covered altar of Uskayaw.
  3598 | D:3      | Found a white marble altar of Elyvilon.
  3598 | D:3      | Found a bloodstained altar of Trog.
  3601 | D:3      | Found a stormy altar of Qazlal.
  3603 | D:3      | Found an opulent altar of Gozag.
  3760 | D:4      | Found a runed translucent door.
  3761 | D:4      | Noticed Crazy Yiuf
  4746 | D:4      | Noticed a black bear
  4752 | D:4      | Killed a black bear
  4753 | D:4      | Reached XP level 7. HP: 37/47 MP: 0/0
  4753 | D:4      | Learned a level 3 spell: Vampiric Draining
  5255 | D:4      | Killed Crazy Yiuf
  5432 | D:5      | Entered Level 5 of the Dungeon
  5468 | D:5      | Noticed Edmund
  5483 | D:5      | Killed Edmund
  5757 | D:5      | Found a basalt altar of Yredelemnul.
  6255 | D:5      | Reached skill level 1 in Short Blades
  6255 | D:5      | Reached XP level 8. HP: 43/54 MP: 0/0
  6581 | D:5      | Reached skill level 5 in Spellcasting
  7296 | D:6      | Noticed Blork the orc
  7347 | D:6      | Killed Blork the orc
  7348 | D:6      | Reached skill level 5 in Dodging
  7541 | D:6      | Reached skill level 5 in Unarmed Combat
  7541 | D:6      | Reached XP level 9. HP: 59/59 MP: 0/0
  7541 | D:6      | Learned a level 3 spell: Lesser Beckoning
  7598 | D:6      | Found a shimmering altar of Xom.
  7628 | D:6      | Noticed a two-headed ogre
  8284 | D:6      | Found a staircase to the Ecumenical Temple.
  8292 | Temple   | Entered the Ecumenical Temple
  8356 | Temple   | Became a worshipper of Makhleb the Destroyer
  8589 | D:6      | Found a snail-covered altar of Cheibriados.
  9070 | D:6      | Reached skill level 6 in Unarmed Combat
  9584 | D:7      | Found a faded altar of an unknown god.
  9584 | D:7      | Found a faded altar of an unknown god.
  9584 | D:7      | Found a faded altar of an unknown god.
  9586 | D:7      | Found a hazy altar of Hepliaklqana.
 10756 | D:8      | Noticed a kobold demonologist
 10767 | D:8      | Killed a kobold demonologist
 10768 | D:8      | Reached skill level 7 in Unarmed Combat
 10768 | D:8      | Noticed a kobold demonologist
 10769 | D:8      | Identified the ring "Visae" {rF+ MP+9}
 10770 | D:8      | Noticed a sixfirhy
 10770 | D:8      | Noticed a deep elf pyromancer
 10779 | D:8      | Noticed a smoke demon
 10783 | D:8      | Killed a deep elf pyromancer
 10783 | D:8      | Reached * piety under Makhleb
 10784 | D:8      | Reached XP level 10. HP: 13/67 MP: 0/0
 10789 | D:8      | Killed a kobold demonologist
 10790 | D:8      | Reached skill level 8 in Unarmed Combat
 11098 | D:8      | HP: 2/67 [acid (12)]
 11600 | D:8      | Noticed a boulder beetle
 11600 | D:8      | Noticed a green ugly thing
 11600 | D:8      | Noticed a skeletal warrior
 11711 | D:8      | Noticed a catoblepas
 11770 | D:8      | Slain by a boulder beetle

Illustrated notes

Levels and vault maps discovered:
D:1:      kb_arrival_jail, layout_basic, minmay_cupped
D:2:      layout_rooms, minmay_misc_feat_enclosed, chequers_jeans
D:3:      layout_loops_cross, minitemple,
          nicolae_uskayaw_murder_on_the_dancefloor
D:4:      layout_basic, minmay_distorted, uniq_crazy_yiuf_cottage
D:5:      layout_gridville, nicolae_yredelemnul_corpse_copse, uniq_edmund
D:6:      layout_rooms, mainiacjoe_overflow_paths,
          mainiacjoe_overflow_boulevard, xom_butterflies,
          minmay_temple_entry_ruins, glass_columns_b, uniq_blork_the_orc
D:7:      layout_gridville, nicolae_hepliaklqana_ecumenical_no_more,
          minmay_unpleasant_kobolds
D:8:      layout_basic, special_room [special_room_orc], grunt_decor_cap,
          minmay_the_grid_2x2 [minmay_the_grid_tri_star,
          minmay_the_grid_minigrid_small, minmay_the_grid_fan,
          minmay_the_grid_prize_big_room]
Temple:   jpeg_temple_alley_garden

Skill      XL: |  1  2  3  4  5  6  7  8  9 10 |
---------------+-------------------------------+-----
Spellcasting   | 2 3 4 5 6 |  6.4
Stealth        | 1 2 3 |  3.9
Dodging        | 3 5 6 7 |  7.0
Unarmed Combat | 4 5 7 8 |  8.8
Short Blades   | 1 2 |  2.4
Fighting       | 2 3 |  3.8
Evocations     | |  0.9

Action                   |  1- 3 |  4- 6 |  7- 9 | 10-12 || total
-------------------------+-------+-------+-------+-------++-------
Melee: Unarmed           |    53 |     7 |   176 |    56 ||   292
       Headbutt          |     8 |       |       |       ||     8
       Dagger            |       |    46 |    82 |       ||   128
       Punch             |       |     1 |     2 |       ||     3
 Cast: Beastly Appendage |     7 |       |       |       ||     7
       Sting             |    26 |   110 |    20 |       ||   156
       Ice Form          |       |     1 |    21 |     4 ||    26
       Wereblood         |       |       |     1 |       ||     1
 Abil: End Transformatio |       |       |       |     1 ||     1
Evoke: Wand              |       |       |     6 |       ||     6
  Use: Scroll            |       |     1 |     9 |     2 ||    12
       Potion            |       |       |       |     4 ||     4
 Stab: Sleeping          |       |       |     5 |       ||     5
Armor: Robe              |    13 |    23 |    29 |     3 ||    68
       Skin              |       |     2 |    71 |    10 ||    83
Dodge: Dodged            |    53 |    72 |   231 |    49 ||   405
